 Dungeon Crawl Stone Soup version 0.27.1-34-g3ba077fa99 (webtiles) character file.

Game seed: 2856210373904898709

142 alasdair19 the Covered (level 5, 0/47 HPs)
             Began as a Minotaur Fighter on Jan 17, 2022.
             Killed by divine providence
             ... invoked by an orc priest
              (12 damage)
             ... on level 3 of the Dungeon.
             The game lasted 00:03:36 (1875 turns).

alasdair19 the Covered (Minotaur Fighter)           Turns: 1875, Time: 00:03:37

Health: 0/47       AC:  9    Str: 21    XL:     5   Next: 3%
Magic:  4/4        EV:  5    Int:  6    God:
Gold:   99         SH: 11    Dex: 15    Spells: 4/4 levels left

rFire    . . .     SeeInvis .   o - +0 falchion
rCold    . . .     Faith    .   c - +1 kite shield
rNeg     . . .     Spirit   .   f - +0 chain mail
rPois    +         Reflect  .   (helmet restricted)
rElec    .         Harm     .   (no cloak)
rCorr    .         Rampage  .   (no gloves)
Will     .....                  (no boots)
Stlth    ..........             (no amulet)
HPRegen  0.15/turn              b - ring of poison resistance
MPRegen  0.09/turn              k - +6 ring of dexterity

@: no status effects
A: horns 2, retaliatory headbutt
a: no special abilities


You were on level 3 of the Dungeon.
You visited 1 branch of the dungeon, and saw 3 of its levels.

You collected 99 gold pieces.

Inventory:

Hand Weapons
 a - a +0 long sword
 o - a +0 falchion (weapon)
Armour
 c - a +1 kite shield (worn)
 f - a +0 chain mail (worn)
Jewellery
 b - a ring of poison resistance (left hand)
 k - a +6 ring of dexterity (right hand)
Scrolls
 e - a scroll of teleportation
 j - a scroll of holy word {unknown}
 n - a scroll of blinking
Potions
 d - a potion of might
 g - a potion of flight {unknown}
 h - 2 potions of lignification {unknown}
 i - a potion of degeneration {unknown}
 l - a potion of curing {unknown}
 m - a potion of invisibility {unknown}


   Skills:
 + Level 4.4 Fighting
 + Level 4.1 Long Blades
 + Level 4.8 Armour
 - Level 0.2 Dodging
 + Level 4.3 Shields


You had 4 spell levels left.
You didn't know any spells.
Your spell library was empty.

Dungeon Overview and Level Annotations

Branches:
Dungeon (3/15)

Altars:
Makhleb


Innate Abilities, Weirdness & Mutations

You have a pair of horns on your head.
You reflexively headbutt those who attack you in melee.


Message History

You block the orc's attack.
You hit the orc but do no damage. Your headbutt misses the orc.
The orc is moderately wounded.
The orc hits you with a +0 mace.
You hit the orc. You headbutt the orc.
You kill the orc!
The adder bites you but does no damage.
You hit the adder. You headbutt the adder.
The adder is almost dead.
The adder bites you but does no damage. The adder bites you.
Your shield prevents you from hitting the adder.
The adder is almost dead.
The adder bites you but does no damage.
Your chain mail prevents you from hitting the adder.
Your headbutt misses the adder.
The adder is almost dead.
You block the adder's attack.
The orc priest looks braver for a moment.
The adder bites you but does no damage.
You barely miss the adder. Your headbutt misses the adder.
The adder is severely wounded.
The adder barely misses you. You block the adder's attack.
The orc priest invokes the aid of Beogh against you.
Beogh smites you!
You miss the adder.
The adder is severely wounded.
You block the adder's attack.
You miss the adder. Your headbutt misses the adder.
The adder is severely wounded.
The adder bites you.
The orc priest calls down the wrath of Beogh upon you.
Beogh smites you!
* * * LOW HITPOINT WARNING * * *
You block the adder's attack.
You closely miss the adder. Your headbutt misses the adder.
The adder is severely wounded.
The adder bites you but does no damage.
The orc priest invokes the aid of Beogh against you.
Beogh smites you!
You die...

...... .....
#.#.## #
#....## #
#....... ######
..# .o. †>...#
#.# #S#
#.##.##### #.#
#@# #.##..)..#
#.# #.#
+.######[# #.#
#.# #.# #.#
#.###.###.# #.#
#.###.........#
+.#
#....>....#.###
###
###########...
# .## ## .#


You could see an orc priest and an adder.

Vanquished Creatures
  A hound (D:3)
  2 orc wizards (D:3)
  An adder (D:2)
  2 worms (D:2)
  2 dart slugs
  4 orcs (D:3)
  4 endoplasms
  3 goblins (D:1)
  2 hobgoblins (D:2)
  4 quokkas
  6 ball pythons
  2 bats
  2 frilled lizards (D:1)
  3 kobolds
  5 rats
43 creatures vanquished.

Vanquished Creatures (others)
  7 withered plants (D:3)
7 creatures vanquished.

Grand Total: 50 creatures vanquished

Notes
Turn   | Place    | Note
-------+----------+-------------------------------------------
     0 | D:1      | alasdair19 the Minotaur Fighter began the quest for the
                  | Orb.
     0 | D:1      | Reached XP level 1. HP: 19/19 MP: 0/0
   283 | D:1      | Reached XP level 2. HP: 27/27 MP: 1/1
   951 | D:2      | Reached XP level 3. HP: 30/33 MP: 2/2
  1734 | D:3      | Reached XP level 4. HP: 36/40 MP: 3/3
  1806 | D:3      | Found a burning altar of Makhleb.
  1866 | D:3      | Reached XP level 5. HP: 36/47 MP: 4/4
  1875 | D:3      | Killed from afar by an orc priest

Illustrated notes

Levels and vault maps discovered:
D:1:      lemuel_arrival_room, layout_loops_ring, serial_bayou_pond_e
D:2:      layout_basic, serial_park_tiny_pond, corexii_hall_statues_x
D:3:      layout_loops_ring, nicolae_qazlal_scattered_showers,
          mainiacjoe_overflow_24_doors, ebering_ecumenical_altar_petrified

Skill      XL: |  1  2  3  4 |
---------------+-------------+-----
Armour         | 4 |  4.8
Fighting       | 4 |  4.4
Long Blades    | 3 4 |  4.1
Shields        | 4 |  4.3
Dodging        | |  0.2

Action                   |  1- 3 |  4- 6 || total
-------------------------+-------+-------++-------
Melee: Long sword        |    75 |    14 ||    89
       Headbutt          |    11 |     5 ||    16
       Falchion          |       |    13 ||    13
  Use: Scroll            |     5 |       ||     5
Armor: Chain mail        |    37 |    13 ||    50
       Scale mail        |     1 |       ||     1
Dodge: Dodged            |    15 |     1 ||    16
Block: Kite shield       |    37 |    11 ||    48
       Rpst.: Long sword |     4 |       ||     4
